[Event "Titled Tuesday Blitz April 25 Late 2023"]
[White "Panico, Nick"]
[Black "Mikhalsky, Vladimir"]
[WhiteFideId "2026724"]
[BlackFideId "14144352"]
[WhiteElo "1982"]
[BlackElo "2236"]
[Result "0-1"]
[Round "04"]
[TimeControl "180+2"]
[Date "2023.04.25"]
[WhiteClock "0:01:33"]
[BlackClock "0:00:57"]

1. d4 Nf6 2. Bf4 c5 3. e3 g6 4. c3 Bg7 5. h3 O-O 6. Nf3 b6 7. a4 a6 8. Nbd2 Bb7 9. Be2 Nc6 10. O-O d6 11. Qb3 Na5 12. Qa3 Rc8 13. Rfd1 c4 14. Qb4 Nd5 15. Qa3 Nxf4 16. exf4 Qc7 17. Qb4 Qc6 18. Ne1 Bh6 19. Bf3 Qc7 20. g3 e5 21. dxe5 dxe5 22. Bxb7 Qxb7 23. Ne4 exf4 24. Nd6 Qc7 25. Nxc8 Qxc8 26. Kg2 fxg3 27. fxg3 Nb3 28. Rab1 Re8 29. Nd3 cxd3 30. Qxb3 Re2+ 31. Kg1 Qxh3 32. Qd5 Qh2+ 33. Kf1 Qf2# 0-1


[Site "https://www.chess.com"]

[Event "Titled Tuesday Blitz April 25 Late 2023"]
[White "Zakarian, David"]
[Black "Chakravarthi Reddy, M"]
[WhiteFideId "13301276"]
[BlackFideId "25009532"]
[WhiteElo "2306"]
[BlackElo "2201"]
[Result "1-0"]
[Round "04"]
[TimeControl "180+2"]
[Date "2023.04.25"]
[WhiteClock "0:00:46"]
[BlackClock "0:00:01"]

1. e4 c5 2. Nf3 d6 3. Bb5+ Nd7 4. O-O Nf6 5. Re1 e5 6. c3 Be7 7. d4 O-O 8. a4 cxd4 9. cxd4 exd4 10. Qxd4 Nc5 11. Nc3 Bg4 12. Nd2 a6 13. Bf1 Rc8 14. b4 Ne6 15. Qe3 Bh5 16. Bb2 Ng4 17. Qh3 Nf4 18. Qg3 Ne6 19. Nf3 Bf6 20. Rac1 Nd4 21. Nd5 Nxf3+ 22. gxf3 Bh4 23. Rxc8 Bxg3 24. Rxd8 Bxf2+ 25. Kg2 Rxd8 26. Re2 Ne5 27. Bxe5 dxe5 28. Rxf2 1-0


[Site "https://www.chess.com"]

[Event "Titled Tuesday Blitz April 25 Late 2023"]
[White "Broca Jimenez, Fernando"]
[Black "Deviprasath, Sharvesh"]
[WhiteFideId "5104742"]
[BlackFideId "30938228"]
[WhiteElo "2062"]
[BlackElo "2168"]
[Result "0-1"]
[Round "04"]
[TimeControl "180+2"]
[Date "2023.04.25"]
[WhiteClock "0:00:02"]
[BlackClock "0:01:41"]

1. e4 c5 2. Nf3 e6 3. d4 cxd4 4. Nxd4 a6 5. Be3 b5 6. Bd3 Bb7 7. O-O Qc7 8. Nc3 Nf6 9. a3 Nc6 10. h3 Be7 11. Qd2 Ne5 12. f3 O-O 13. Rad1 Rfd8 14. Rfe1 d6 15. Nce2 Rac8 16. Nf4 Nc4 17. Bxc4 Qxc4 18. Nfe2 Bf8 19. Rc1 e5 20. Nb3 d5 21. Na5 Qc7 22. Nxb7 Qxb7 23. exd5 Nxd5 24. Red1 h6 25. Bf2 Nc3 26. Qxd8 Rxd8 27. Nxc3 Rxd1+ 28. Rxd1 Qc6 29. Rd2 g6 30. Nd5 Kg7 31. c3 Bc5 32. Kf1 Bxf2 33. Kxf2 Qc5+ 34. Kf1 f5 35. Nb4 a5 36. Nd3 Qc4 37. Ke1 e4 38. fxe4 Qxe4+ 39. Kd1 g5 40. Kc2 f4 41. b4 a4 0-1


[Site "https://www.chess.com"]

[Event "Titled Tuesday Blitz April 25 Late 2023"]
[White "Uddin, Mubassar"]
[Black "Figorito, Nick"]
[WhiteFideId "2093944"]
[BlackFideId "30923689"]
[WhiteElo "2051"]
[BlackElo "2036"]
[Result "1-0"]
[Round "04"]
[TimeControl "180+2"]
[Date "2023.04.25"]
[WhiteClock "0:00:17"]
[BlackClock "0:00:23"]

1. d4 Nf6 2. c4 g6 3. Nc3 d5 4. cxd5 Nxd5 5. e4 Nxc3 6. bxc3 Bg7 7. Bc4 c5 8. Ne2 O-O 9. Be3 Nc6 10. O-O Qc7 11. Rc1 Rd8 12. Bf4 Qd7 13. d5 Na5 14. Bd3 b5 15. c4 Nxc4 16. Bxc4 bxc4 17. Rxc4 Qb5 18. Rc1 Ba6 19. Ng3 Qa5 20. Re1 Bc3 21. Re3 Bd2 22. Rxc5 Qxc5 23. Qxd2 Rac8 24. h4 Qc1+ 25. Qxc1 Rxc1+ 26. Kh2 Bc4 27. Ra3 Rc2 28. Rxa7 Rxa2 29. Rxe7 Rxf2 30. Bg5 Bxd5 31. exd5 Rxd5 32. Ne4 Rff5 33. Nf6+ Kg7 34. Nxd5 Rxd5 35. Kg3 h6 36. Be3 Rd3 37. Kf3 Kf6 38. Ra7 Rd5 39. Ra6+ Kg7 40. Ke4 Rd8 41. Bd4+ Kh7 42. Rf6 Kg8 43. Be5 Rd2 44. Kf3 Rd3+ 45. Kf4 Rd2 46. g4 Rd8 47. Rd6 Re8 48. Bf6 Kh7 49. Rd8 Rxd8 50. Bxd8 Kg7 51. Be7 f6 52. Bd6 Kf7 53. Ke4 Ke6 54. Bf8 h5 55. gxh5 gxh5 56. Bh6 f5+ 57. Kf4 Kf6 58. Bg5+ Kg6 59. Bd8 Kf7 60. Kxf5 Kg7 61. Bg5 Kh8 62. Kg6 Kg8 63. Kxh5 Kh8 64. Kg6 Kg8 65. Bf6 Kf8 66. h5 Kg8 67. h6 Kf8 68. h7 Ke8 69. h8=Q+ Kd7 70. Qg7+ Ke6 71. Qe7+ Kd5 72. Qe5+ Kc4 73. Kf5 Kb3 74. Qd4 Ka2 75. Qb2# 1-0


[Site "https://www.chess.com"]

[Event "Titled Tuesday Blitz April 25 Late 2023"]
[White "Holtel, Jasper"]
[Black "Harriott, Tyrell"]
[WhiteFideId "12956376"]
[BlackFideId "2086484"]
[WhiteElo "2372"]
[BlackElo "2107"]
[Result "0-1"]
[Round "04"]
[TimeControl "180+2"]
[Date "2023.04.25"]
[WhiteClock "0:00:15"]
[BlackClock "0:00:19"]

1. e4 e6 2. d4 d5 3. e5 c5 4. c3 Nc6 5. Nf3 f5 6. Be2 Nge7 7. O-O Ng6 8. a3 c4 9. Nbd2 Be7 10. a4 Na5 11. b3 Nf4 12. bxc4 O-O 13. cxd5 Qxd5 14. Ba3 Bxa3 15. Rxa3 Bd7 16. c4 Qc6 17. Re1 Rfd8 18. Bf1 Be8 19. Qc1 Rac8 20. Rc3 Qxa4 21. Qa3 b6 22. Qxa4 Bxa4 23. g3 Ng6 24. Ng5 Nf8 25. Ngf3 h6 26. h4 Bc6 27. Bg2 Bb7 28. Rec1 Rc7 29. Nb3 Nxb3 30. Rxb3 Bxf3 31. Bxf3 Rxd4 32. Rbc3 Rc5 33. Ra1 Rd7 34. Rca3 Rcc7 35. Rc1 Ng6 36. Re3 Rc5 37. h5 Nxe5 38. Bg2 Rd3 39. Rxd3 Nxd3 40. Rd1 Ne5 41. Rd8+ Kf7 42. Ra8 Rc7 43. Rb8 Nxc4 44. Bf3 Ke7 45. Kg2 a5 46. Rg8 Kd6 47. Rd8+ Kc5 48. Be2 Kb5 49. Rd4 a4 50. g4 a3 51. gxf5 exf5 52. Bxc4+ Rxc4 53. Rd3 Kb4 54. Rd1 Kb3 55. Rb1+ Ka2 56. Rxb6 Rc2 57. Rb7 Rb2 58. Ra7 Kb1 59. Kg3 a2 60. Kf4 a1=Q 61. Rxa1+ Kxa1 62. Kxf5 Rxf2+ 63. Kg6 Rg2+ 64. Kh7 Rg5 65. Kh8 Ka2 66. Kh7 Kb3 67. Kg8 Kc4 68. Kh7 Kd5 69. Kh8 Ke5 70. Kh7 Kf5 71. Kh8 Kg4 72. Kg8 Kxh5 73. Kh7 Kg4 74. Kg8 h5 75. Kf7 h4 76. Ke6 h3 77. Kd6 h2 78. Ke6 h1=Q 79. Kd6 Qh6+ 80. Ke7 Qf6+ 81. Ke8 Re5+ 82. Kd7 Re7+ 83. Kd8 Qf8# 0-1


[Site "https://www.chess.com"]

[Event "Titled Tuesday Blitz April 25 Late 2023"]
[White "Ardila, Oscar Humberto"]
[Black "Govender, Kaedan"]
[WhiteFideId "4404742"]
[BlackFideId "14322072"]
[WhiteElo "1918"]
[BlackElo "1288"]
[Result "1-0"]
[Round "04"]
[TimeControl "180+2"]
[Date "2023.04.25"]
[WhiteClock "0:01:59"]
[BlackClock "0:02:31"]

1. d4 Nf6 2. c4 d6 3. Nc3 g6 4. Nf3 Bg7 5. e3 O-O 6. Be2 Nbd7 7. O-O e5 8. Qc2 exd4 9. exd4 c5 10. Rd1 a6 11. Bf4 Qe7 12. Re1 cxd4 13. Nxd4 Nc5 14. Bf3 Qd8 15. Rad1 Nh5 16. Bxh5 gxh5 17. Nf5 Qf6 18. Nxg7 Kxg7 19. Bxd6 Rg8 20. Be5 1-0


[Site "https://www.chess.com"]

[Event "Titled Tuesday Blitz April 25 Late 2023"]
[White "Eggleston, Thomas A"]
[Black "Lutz, Igor Oscar"]
[WhiteFideId "412139"]
[BlackFideId "2110806"]
[WhiteElo "2155"]
[BlackElo "1969"]
[Result "0-1"]
[Round "04"]
[TimeControl "180+2"]
[Date "2023.04.25"]
[WhiteClock "0:00:15"]
[BlackClock "0:00:30"]

1. e4 c5 2. Nf3 Nc6 3. Bb5 d6 4. Bxc6+ bxc6 5. O-O Bg4 6. Re1 e5 7. h3 Bxf3 8. Qxf3 g6 9. c3 Bg7 10. b4 cxb4 11. cxb4 Ne7 12. Bb2 O-O 13. d3 d5 14. Nd2 dxe4 15. Nxe4 Nd5 16. a3 f5 17. Nc5 e4 18. dxe4 Bxb2 19. exd5 Bxa1 20. Ne6 Qf6 21. Nxf8 Rxf8 22. dxc6 Bd4 23. Qd5+ Kh8 24. c7 Bb6 25. Qd7 Qc3 26. Re7 Qa1+ 27. Kh2 Bxf2 28. Rxh7+ Kg8 29. Rg7+ Qxg7 30. Qe6+ Kh8 31. c8=Q Rxc8 32. Qxc8+ Kh7 33. Qd8 Qe5+ 0-1


[Site "https://www.chess.com"]

[Event "Titled Tuesday Blitz April 25 Late 2023"]
[White "Kostiukov, Alexandr"]
[Black "Dargan, Paul A G"]
[WhiteFideId "14108100"]
[BlackFideId "416762"]
[WhiteElo "2202"]
[BlackElo "2042"]
[Result "1-0"]
[Round "04"]
[TimeControl "180+2"]
[Date "2023.04.25"]
[WhiteClock "0:00:17"]
[BlackClock "0:00:43"]

1. g3 d5 2. Bg2 Nc6 3. d3 Nf6 4. e4 dxe4 5. dxe4 Qxd1+ 6. Kxd1 e5 7. f3 Bc5 8. Nd2 Be6 9. Bh3 Ke7 10. Bxe6 Kxe6 11. Nh3 h6 12. c3 Rad8 13. Ke2 Nh7 14. a4 a5 15. Nc4 f6 16. Nf2 g5 17. Nd3 Ba7 18. Be3 Bxe3 19. Nxe3 Ne7 20. Nc5+ Kf7 21. b4 b6 22. Nb3 axb4 23. cxb4 Nc6 24. Rhc1 Nxb4 25. Rxc7+ Ke6 26. Nf5 Rd7 27. Rc4 Nd3 28. Rd1 Rhd8 29. Rd2 Nf8 30. Rc6+ Kf7 31. Nxh6+ Kg6 32. Nf5 Kf7 33. Rxb6 Ne6 34. Rxe6 Kxe6 35. Rxd3 Rxd3 36. Nc5+ Kf7 37. Nxd3 Ra8 38. Nb2 Rb8 39. Nc4 Rb4 40. a5 Ke6 41. Nfd6 Ra4 42. h4 gxh4 43. gxh4 Kd7 44. Nb6+ 1-0


[Site "https://www.chess.com"]

[Event "Titled Tuesday Blitz April 25 Late 2023"]
[White "Hakobyan, Aram"]
[Black "Nakamura, Hikaru"]
[WhiteFideId "13306677"]
[BlackFideId "2016192"]
[WhiteElo "2584"]
[BlackElo "2885"]
[Result "0-1"]
[Round "05"]
[TimeControl "180+2"]
[Date "2023.04.25"]
[WhiteClock "0:00:01"]
[BlackClock "0:00:24"]

1. d4 Nf6 2. c4 e6 3. Nc3 Bb4 4. e3 O-O 5. a3 Bxc3+ 6. bxc3 Nc6 7. Ne2 e5 8. Ng3 Re8 9. Be2 e4 10. O-O Na5 11. f3 exf3 12. gxf3 d6 13. e4 c5 14. Ra2 Bh3 15. Re1 Rc8 16. d5 Nd7 17. f4 Qh4 18. Bd3 Re7 19. Qa4 b6 20. Rf2 Nf6 21. Qc2 g6 22. e5 Ng4 23. Rfe2 Nxh2 24. Re3 Ng4 25. Ne4 dxe5 26. d6 exf4 27. dxe7 fxe3 28. Rxe3 Nxe3 29. Bxe3 Qe1+ 30. Kh2 Qxe3 31. Nf6+ Kg7 32. e8=Q Rxe8 33. Nxe8+ Qxe8 34. Kxh3 Qe3+ 35. Kh2 Nc6 36. Be4 Ne5 37. Bd5 h5 38. Kg2 h4 39. Qe4 0-1


[Site "https://www.chess.com"]

[Event "Titled Tuesday Blitz April 25 Late 2023"]
[White "Firouzja, Alireza"]
[Black "Kevlishvili, Robby"]
[WhiteFideId "12573981"]
[BlackFideId "1040634"]
[WhiteElo "2904"]
[BlackElo "2572"]
[Result "0-1"]
[Round "05"]
[TimeControl "180+2"]
[Date "2023.04.25"]
[WhiteClock "0:00:02"]
[BlackClock "0:00:14"]

1. e4 c5 2. Nf3 d6 3. d4 cxd4 4. Nxd4 Nf6 5. Nc3 a6 6. f3 e5 7. Nb3 Be6 8. Be3 h5 9. Qd2 Nbd7 10. O-O-O Rc8 11. Kb1 Be7 12. h3 b5 13. Bd3 h4 14. f4 Qc7 15. Rhg1 exf4 16. Bxf4 Ne5 17. Nd4 Nc4 18. Bxc4 Qxc4 19. Rge1 O-O 20. Nf5 Rfe8 21. Nxe7+ Rxe7 22. Bxd6 Rd7 23. Qd4 b4 24. Qxc4 Rxc4 25. Na4 Rxe4 26. Bc5 Bf5 27. Ka1 Rd2 28. b3 Rxc2 29. Rxe4 Bxe4 30. Bxb4 Bxg2 31. Rd8+ Kh7 32. Be7 Bxh3 33. Rd4 Be6 34. Bxf6 gxf6 35. Rxh4+ Kg6 36. Rh1 f5 37. Kb1 Rg2 38. Nc5 f4 39. Rf1 Kg5 40. Ne4+ Kf5 41. Nc5 Bd5 42. b4 f3 43. a4 f2 0-1


[Site "https://www.chess.com"]

[Event "Titled Tuesday Blitz April 25 Late 2023"]
[White "Zhigalko, Sergei"]
[Black "Lazavik, Denis"]
[WhiteFideId "13502956"]
[BlackFideId "13515110"]
[WhiteElo "2626"]
[BlackElo "2560"]
[Result "0-1"]
[Round "05"]
[TimeControl "180+2"]
[Date "2023.04.25"]
[WhiteClock "0:00:03"]
[BlackClock "0:00:31"]

1. e4 e5 2. Nf3 Nc6 3. Bc4 Bc5 4. O-O Nf6 5. d3 d6 6. Nbd2 O-O 7. c3 a6 8. Bb3 h6 9. Re1 Be6 10. Nf1 Bxb3 11. Qxb3 Qd7 12. Be3 Bxe3 13. Nxe3 Rfe8 14. Rad1 Ne7 15. h3 Rab8 16. Nh4 d5 17. d4 exd4 18. Rxd4 Nxe4 19. Nxd5 Nxd5 20. Rxd5 Nd6 21. Rdd1 Rxe1+ 22. Rxe1 Re8 23. Rd1 Qb5 24. Qxb5 axb5 25. Kf1 f6 26. Nf3 Kf7 27. Nd4 Ra8 28. a3 Ke7 29. Rd2 c6 30. Re2+ Kf7 31. Nc2 Rd8 32. Ne3 Ne4 33. Ke1 Nc5 34. Rd2 Rxd2 35. Kxd2 Ke6 36. f3 h5 37. h4 Ke5 38. g3 g5 39. Ng2 Kf5 40. Kc2 Nd7 41. Ne3+ Ke6 42. Kd3 Ne5+ 43. Ke2 gxh4 44. gxh4 Ng6 45. Ng2 Ke5 46. Ke3 Ne7 47. b3 Nd5+ 48. Kd3 Nf4+ 49. Nxf4 Kxf4 50. c4 Kxf3 51. cxb5 cxb5 52. a4 bxa4 53. bxa4 f5 54. a5 f4 55. Kd2 Kg2 56. a6 bxa6 0-1


[Site "https://www.chess.com"]

[Event "Titled Tuesday Blitz April 25 Late 2023"]
[White "Demchenko, Anton"]
[Black "Makarian, Rudik"]
[WhiteFideId "4160258"]
[BlackFideId "44105681"]
[WhiteElo "2545"]
[BlackElo "2430"]
[Result "0-1"]
[Round "05"]
[TimeControl "180+2"]
[Date "2023.04.25"]
[WhiteClock "0:00:04"]
[BlackClock "0:00:34"]

1. e4 c5 2. Nf3 Nc6 3. Nc3 e6 4. d4 cxd4 5. Nxd4 a6 6. Be3 Nf6 7. Bd3 Qc7 8. Qe2 Bd6 9. O-O-O Be5 10. Nxc6 bxc6 11. Bd2 Rb8 12. Bc4 O-O 13. Bb3 c5 14. Rhf1 Bb7 15. f3 Rfc8 16. g4 c4 17. g5 cxb3 18. axb3 Nh5 19. Kb1 Nf4 20. Qe3 d5 21. exd5 Nxd5 22. Qd3 Nxc3+ 23. bxc3 Bxc3 24. Bxc3 Qxc3 25. Qxc3 Rxc3 26. Kb2 Rxf3 27. Rxf3 Bxf3 28. Rd6 e5 29. Rxa6 e4 30. Ra1 e3 31. Re1 e2 32. c4 Rd8 33. b4 Rd1 34. Rxe2 Bxe2 35. c5 Bb5 0-1


[Site "https://www.chess.com"]

[Event "Titled Tuesday Blitz April 25 Late 2023"]
[White "Bortnyk, Olexandr"]
[Black "Quesada Perez, Yasser"]
[WhiteFideId "14120828"]
[BlackFideId "3509362"]
[WhiteElo "2734"]
[BlackElo "2496"]
[Result "1-0"]
[Round "05"]
[TimeControl "180+2"]
[Date "2023.04.25"]
[WhiteClock "0:01:20"]
[BlackClock "0:00:52"]

1. d4 Nf6 2. Nc3 d5 3. Bf4 a6 4. e3 e6 5. a3 Be7 6. Nf3 O-O 7. Bd3 c5 8. dxc5 Bxc5 9. O-O Nc6 10. e4 b5 11. Qe2 Nd4 12. Nxd4 Bxd4 13. Rad1 Bxc3 14. bxc3 Bb7 15. e5 Nd7 16. Qg4 Qc7 17. Bxh7+ Kxh7 18. Rd3 Nxe5 19. Qh5+ Kg8 20. Bxe5 1-0


[Site "https://www.chess.com"]

[Event "Titled Tuesday Blitz April 25 Late 2023"]
[White "Bortnyk, Mykola"]
[Black "Janik, Igor"]
[WhiteFideId "14120836"]
[BlackFideId "1159259"]
[WhiteElo "2582"]
[BlackElo "2484"]
[Result "0-1"]
[Round "05"]
[TimeControl "180+2"]
[Date "2023.04.25"]
[WhiteClock "0:00:01"]
[BlackClock "0:00:05"]

1. e4 c6 2. d4 d5 3. exd5 cxd5 4. c4 Nf6 5. Nc3 e6 6. Nf3 Bb4 7. cxd5 Nxd5 8. Bd2 O-O 9. Bd3 Nxc3 10. bxc3 Be7 11. h4 h6 12. Qe2 Nd7 13. g4 Qa5 14. g5 h5 15. g6 Nf6 16. Rg1 Ng4 17. gxf7+ Rxf7 18. Rxg4 hxg4 19. Ne5 Rf6 20. Qxg4 Bd6 21. Qh5 Bxe5 22. dxe5 Rf5 23. Qe8+ Rf8 24. Qh5 Rf5 25. Bxf5 Qxe5+ 26. Kf1 Qxf5 27. Qxf5 exf5 28. Re1 Kf7 29. Kg2 Be6 30. Re5 Rc8 31. Rb5 b6 32. a4 Bd7 33. Rb4 Rc5 34. Kg3 Rd5 35. Be3 Ke6 36. Kf4 Rd3 37. Bd4 Rd1 38. Bxg7 Rg1 39. Bf8 Rg8 40. Bh6 Rg4+ 41. Ke3 Bxa4 42. Rxg4 fxg4 43. Bf4 Kf5 44. Bb8 a6 45. Bc7 b5 46. Bf4 Bb3 47. Bc7 Bf7 48. Bd8 Be8 49. Kd4 Kf4 50. Bc7+ Kf3 51. Bg3 a5 52. c4 b4 53. c5 a4 54. Kc4 a3 55. Kb3 Bf7+ 56. Kc2 b3+ 57. Kc3 b2 0-1


[Site "https://www.chess.com"]

[Event "Titled Tuesday Blitz April 25 Late 2023"]
[White "Bronstein, Or"]
[Black "Esipenko, Andrey"]
[WhiteFideId "2815770"]
[BlackFideId "24175439"]
[WhiteElo "2356"]
[BlackElo "2615"]
[Result "0-1"]
[Round "05"]
[TimeControl "180+2"]
[Date "2023.04.25"]
[WhiteClock "0:00:09"]
[BlackClock "0:00:04"]

1. d4 Nf6 2. c4 e6 3. Nf3 b6 4. g3 Ba6 5. b3 Bb4+ 6. Bd2 Be7 7. Nc3 d5 8. cxd5 exd5 9. Bg2 O-O 10. O-O Nbd7 11. Qc2 Re8 12. Rfd1 Nf8 13. Ne5 Bb7 14. Bg5 Ne6 15. Bxf6 Bxf6 16. e3 c6 17. b4 Rc8 18. Qb3 h5 19. h4 Qd6 20. Nd3 Red8 21. a4 Rc7 22. Rac1 g6 23. Ne2 a6 24. Nef4 Nxf4 25. Nxf4 b5 26. Nd3 Bc8 27. Nc5 Bg7 28. Ra1 Re8 29. Ra2 Rce7 30. Rc1 Kh7 31. axb5 axb5 32. Ra8 Bh6 33. Re1 Bf5 34. Rxe8 Rxe8 35. e4 Bg7 36. e5 Qe7 37. Ra1 f6 38. f4 g5 39. exf6 Qxf6 40. Kh2 gxf4 41. Rf1 Bh6 42. Qa3 Rg8 43. Rf3 fxg3+ 44. Rxg3 Qxh4+ 45. Bh3 Bf4 46. Qa7+ Kh6 0-1


[Site "https://www.chess.com"]

[Event "Titled Tuesday Blitz April 25 Late 2023"]
[White "Nihal Sarin"]
[Black "Kuzubov, Yuriy"]
[WhiteFideId "25092340"]
[BlackFideId "14112906"]
[WhiteElo "2689"]
[BlackElo "2496"]
[Result "1-0"]
[Round "05"]
[TimeControl "180+2"]
[Date "2023.04.25"]
[WhiteClock "0:02:12"]
[BlackClock "0:00:35"]

1. e4 c5 2. Nf3 Nc6 3. Nc3 g6 4. Bb5 Bg7 5. Bxc6 dxc6 6. d3 Bg4 7. h3 Bxf3 8. Qxf3 Nf6 9. Be3 Nd7 10. O-O O-O 11. Qe2 e5 12. a3 a5 13. Rab1 Qe7 14. Qd2 Rfe8 15. Ne2 Nf8 16. b4 axb4 17. axb4 cxb4 18. Rxb4 b5 19. c4 bxc4 20. Rxc4 Qd7 21. Rfc1 Ra6 22. Qc2 Rc8 23. d4 exd4 24. Nxd4 h6 25. Nxc6 Re8 26. Nb4 Ra4 27. Nd5 Rxc4 28. Qxc4 Ne6 29. Bxh6 Bh8 30. Be3 Ra8 31. Nb6 1-0


[Site "https://www.chess.com"]

[Event "Titled Tuesday Blitz April 25 Late 2023"]
[White "Naroditsky, Daniel"]
[Black "Kamsky, Gata"]
[WhiteFideId "2026961"]
[BlackFideId "2000024"]
[WhiteElo "2633"]
[BlackElo "2660"]
[Result "1/2-1/2"]
[Round "05"]
[TimeControl "180+2"]
[Date "2023.04.25"]
[WhiteClock "0:01:00"]
[BlackClock "0:00:29"]

1. e4 e5 2. Nf3 Nc6 3. Bb5 a6 4. Ba4 Nf6 5. d3 d6 6. c3 Bd7 7. O-O g6 8. Bg5 Bg7 9. Nbd2 h6 10. Bh4 O-O 11. Re1 Qe8 12. Nf1 Nh5 13. Ne3 b5 14. Bb3 Na5 15. Bc2 f5 16. exf5 gxf5 17. Nd5 Ra7 18. b4 Nc6 19. a4 Be6 20. Bb3 Qf7 21. axb5 Bxd5 22. Bxd5 Qxd5 23. bxc6 Nf4 24. d4 e4 25. Nd2 Qxc6 26. Qb3+ Kh7 27. Qc4 Qxc4 28. Nxc4 Ng6 29. g3 Nxh4 30. gxh4 c5 1/2-1/2


[Site "https://www.chess.com"]

[Event "Titled Tuesday Blitz April 25 Late 2023"]
[White "Tari, Aryan"]
[Black "Andreikin, Dmitry"]
[WhiteFideId "1510045"]
[BlackFideId "4158814"]
[WhiteElo "2561"]
[BlackElo "2736"]
[Result "0-1"]
[Round "05"]
[TimeControl "180+2"]
[Date "2023.04.25"]
[WhiteClock "0:00:01"]
[BlackClock "0:00:37"]

1. e4 c5 2. Nf3 Nc6 3. Bc4 e6 4. O-O a6 5. Re1 b5 6. Bf1 Bb7 7. c3 Nf6 8. d4 d5 9. e5 Nd7 10. h4 Be7 11. h5 g6 12. h6 g5 13. g3 Rg8 14. Bd3 Qb6 15. dxc5 Bxc5 16. Be3 g4 17. Bxh7 Rh8 18. Ng5 Ndxe5 19. b4 Bxe3 20. Rxe3 Qd8 21. Nxe6 fxe6 22. Bg6+ Kd7 23. Bf5 exf5 24. Qxd5+ Kc7 25. Rxe5 Rxh6 0-1


[Site "https://www.chess.com"]

[Event "Titled Tuesday Blitz April 25 Late 2023"]
[White "Narayanan, Srinath"]
[Black "Duda, Jan-Krzysztof"]
[WhiteFideId "5018420"]
[BlackFideId "1170546"]
[WhiteElo "2438"]
[BlackElo "2790"]
[Result "0-1"]
[Round "05"]
[TimeControl "180+2"]
[Date "2023.04.25"]
[WhiteClock "0:00:09"]
[BlackClock "0:00:10"]

1. Nf3 Nf6 2. c4 c6 3. d4 d5 4. cxd5 cxd5 5. Nc3 Nc6 6. Bf4 Qb6 7. Qb3 Qxb3 8. axb3 Bf5 9. e3 e6 10. Bb5 Nd7 11. O-O f6 12. Bxc6 bxc6 13. Rfc1 g5 14. Bc7 Kf7 15. Ra6 c5 16. Rca1 g4 17. Nd2 cxd4 18. exd4 Bb4 19. Rxa7 Rxa7 20. Rxa7 Rc8 21. Nf1 Ke8 22. Ne3 Bg6 23. Nxg4 h5 24. Ne3 Be7 25. h4 Bd3 26. g3 Nb8 27. Bxb8 Rxb8 28. Nexd5 exd5 29. Nxd5 Bd8 30. Nf4 Be4 31. Nxh5 Bb7 32. Ra4 Rc8 33. Rc4 Ra8 34. Ra4 Rc8 35. Rc4 Ra8 36. Ra4 Ke7 37. Rxa8 Bxa8 38. Nf4 Bb6 39. d5 Bc7 40. b4 Bxf4 41. gxf4 Bxd5 42. h5 Bf3 43. h6 Kf7 44. Kh2 Kg6 45. Kg3 Bc6 46. f5+ Kxh6 47. Kg4 Bb7 48. Kh4 Be4 49. Kg4 Bc6 50. Kh4 Kg7 51. Kg4 Kf7 52. Kf4 Ke7 53. Kg4 Kd6 54. f4 Be8 55. b5 Kc5 56. Kf3 Kxb5 57. Ke4 Bf7 58. Kd4 Kb4 59. Ke4 Kc4 60. Ke3 Bd5 61. Kf2 Kd4 62. Kg3 Bb3 63. Kg4 Ke4 64. Kg3 Kxf5 65. Kf3 Ke6 66. Ke4 Kd6 67. Kd4 Ke6 68. Ke4 Bd5+ 69. Kd4 Bb7 70. b4 Kf5 71. Ke3 Kg4 72. b5 f5 73. b6 Kg3 74. Kd4 Kxf4 75. Kc5 Kg3 76. Kd6 f4 0-1


[Site "https://www.chess.com"]

[Event "Titled Tuesday Blitz April 25 Late 2023"]
[White "Holt, Conrad"]
[Black "Martinez Alcantara, Jose Eduardo"]
[WhiteFideId "2034387"]
[BlackFideId "3805662"]
[WhiteElo "2592"]
[BlackElo "2711"]
[Result "0-1"]
[Round "05"]
[TimeControl "180+2"]
[Date "2023.04.25"]
[WhiteClock "0:00:01"]
[BlackClock "0:00:19"]

1. d4 Nf6 2. c4 e6 3. Nf3 Bb4+ 4. Nbd2 O-O 5. a3 Be7 6. e3 c5 7. dxc5 Bxc5 8. b4 Be7 9. Bb2 d6 10. Bd3 Qc7 11. O-O Nbd7 12. Qc2 b6 13. Rfd1 Bb7 14. Nd4 a6 15. Rac1 Rac8 16. Qb1 Qb8 17. N2f3 h6 18. Ba1 Rfe8 19. Be2 Bf8 20. Nd2 Ne5 21. N4b3 Ned7 22. a4 Qa8 23. Bf1 a5 24. bxa5 bxa5 25. Bc3 Ne4 26. Nxe4 Bxe4 27. Qa2 Nc5 28. Nxa5 Rb8 29. f3 Bg6 30. e4 Rb6 31. Rb1 Ra6 32. Rb5 f5 33. exf5 Bxf5 34. Bb4 Rc8 35. Qa3 Bg6 36. Bxc5 Rxc5 37. Rxc5 dxc5 38. Nb3 Rxa4 39. Qb2 Rb4 40. Ra1 Rxb3 41. Qe5 Qc6 42. Ra7 Bf7 43. Qe1 Rb7 0-1


[Site "https://www.chess.com"]

[Event "Titled Tuesday Blitz April 25 Late 2023"]
[White "Ghazarian, Kirk"]
[Black "Terry, Renato"]
[WhiteFideId "30908604"]
[BlackFideId "3803457"]
[WhiteElo "2346"]
[BlackElo "2575"]
[Result "0-1"]
[Round "05"]
[TimeControl "180+2"]
[Date "2023.04.25"]
[WhiteClock "0:00:23"]
[BlackClock "0:01:29"]

1. d4 e6 2. Nf3 Nf6 3. Bf4 b6 4. e3 Bb7 5. Be2 Bd6 6. Bxd6 cxd6 7. c4 d5 8. cxd5 Nxd5 9. O-O O-O 10. Nbd2 Nc6 11. Rc1 Qe7 12. a3 Rfc8 13. Bd3 a6 14. Qe2 b5 15. Nb3 d6 16. Rfd1 Rc7 17. Bb1 Rac8 18. Qd3 g6 19. h3 Qf6 20. Nfd2 Qh4 21. Nf3 Qe7 22. Qe2 Qf6 23. Nfd2 Qh4 24. Nf3 Qh5 25. Qd3 Nce7 26. Rxc7 Rxc7 27. Rc1 Rxc1+ 28. Nxc1 Nb6 29. Qe2 Nc4 30. b3 Bxf3 31. gxf3 Nxa3 32. Bd3 Qxh3 33. Qb2 b4 34. Bxa6 Qxf3 35. Be2 Qc6 36. Nd3 Qc3 37. Qxc3 bxc3 38. Kf1 f5 39. Ke1 h5 40. b4 Nd5 41. Bf3 h4 42. Nf4 Nxf4 43. exf4 Nc2+ 44. Ke2 Nxb4 45. Ke3 h3 46. Bh1 c2 47. Kd2 h2 48. f3 Kg7 49. Kc1 Kh6 50. Kd2 Kh5 0-1


[Site "https://www.chess.com"]

[Event "Titled Tuesday Blitz April 25 Late 2023"]
[White "Barria Santos, Jose Guilherme"]
[Black "Anton Guijarro, David"]
[WhiteFideId "1939300"]
[BlackFideId "2285525"]
[WhiteElo "2266"]
[BlackElo "2618"]
[Result "0-1"]
[Round "05"]
[TimeControl "180+2"]
[Date "2023.04.25"]
[WhiteClock "0:00:02"]
[BlackClock "0:00:17"]

1. Nf3 d5 2. d4 e6 3. c4 Nf6 4. Nc3 Bb4 5. cxd5 exd5 6. Bg5 h6 7. Bh4 O-O 8. e3 Bf5 9. Qb3 Bxc3+ 10. Qxc3 g5 11. Bg3 Ne4 12. Qb3 c6 13. Bd3 Qa5+ 14. Ke2 Nd7 15. Bxe4 dxe4 16. Ne5 Be6 17. Qc3 Qb5+ 18. Ke1 Nb6 19. h4 g4 20. b3 f6 21. Ng6 Rfe8 22. Nf4 Nd5 23. Nxd5 cxd5 24. Qd2 Rec8 25. Rc1 Rxc1+ 26. Qxc1 Rc8 27. Qd2 Qd3 28. Qxd3 exd3 29. Kd2 Rc2+ 30. Kxd3 Bf5+ 31. e4 Bxe4+ 32. Ke3 Bxg2 33. Ra1 h5 34. Bd6 Be4 35. Bb4 Kf7 36. Bd2 Ke6 37. a4 f5 38. b4 f4+ 39. Ke2 Bf3+ 40. Kd3 Be4+ 41. Ke2 Kf5 42. Rc1 Ra2 0-1


[Site "https://www.chess.com"]

[Event "Titled Tuesday Blitz April 25 Late 2023"]
[White "Sviridov, Valery"]
[Black "Sarana, Alexey"]
[WhiteFideId "4120680"]
[BlackFideId "24133795"]
[WhiteElo "2457"]
[BlackElo "2714"]
[Result "0-1"]
[Round "05"]
[TimeControl "180+2"]
[Date "2023.04.25"]
[WhiteClock "0:00:14"]
[BlackClock "0:00:11"]

1. d4 Nf6 2. Nf3 d5 3. e3 e6 4. Nbd2 b6 5. Bd3 Bb7 6. O-O Nbd7 7. b3 Bd6 8. Bb2 Ne4 9. c4 O-O 10. Qc2 f5 11. Rac1 a6 12. Ne5 Nxe5 13. dxe5 Bb4 14. Nf3 Rc8 15. cxd5 exd5 16. Rfd1 Qe7 17. Qe2 b5 18. g3 c5 19. a3 Ba5 20. b4 cxb4 21. axb4 Bxb4 22. Bd4 Nc3 23. Bxc3 Bxc3 24. Bb1 Bxe5 25. Rxc8 Rxc8 26. Bxf5 Rf8 27. Bh3 Bc3 28. Bg2 b4 29. h4 Kh8 30. Ng5 h6 31. Nh3 Be5 32. Qa2 d4 33. exd4 Bxg2 34. Kxg2 Qb7+ 35. Kg1 b3 36. Qe2 Bd6 37. Qe6 Rf6 38. Qe8+ Kh7 39. d5 b2 40. Qe4+ Kh8 41. Rb1 Rf8 42. Qd4 Rb8 43. Nf4 Bxf4 44. gxf4 Qb3 45. d6 Qc2 46. d7 Qxb1+ 47. Kh2 Qf5 48. d8=Q+ Rxd8 49. Qxd8+ Kh7 50. Qb8 b1=Q 0-1


[Site "https://www.chess.com"]